 Dungeon Crawl Stone Soup version 0.12.2-12-gd1dd697 (webtiles) character file.

18390 Tyriaz the Severer (level 12, -7/96 HPs)
             Began as a Minotaur Berserker on July 20, 2013.
             Was a High Priest of Trog.
             Mangled by a skeletal warrior
             ... wielding a cursed -1,-2 halberd
              (9 damage)
             ... on Level 12 of the Dungeon on July 21, 2013.
             The game lasted 02:18:48 (16686 turns).

Tyriaz the Severer (Minotaur Berserker)            Turns: 16686, Time: 02:18:48

HP  -7/96        AC 21     Str 30      XL: 12   Next: 19%
MP   4/4         EV  6     Int  4      God: Trog [*****.]
Gold 522         SH  0     Dex 11      Spells:  0 memorised, 11 levels left

Res.Fire  : . . .   See Invis. : .   n - +2 battleaxe (elec)
Res.Cold  : . . .   Warding    : .   u - +0 plate armour
Life Prot.: . . .   Conserve   : +   (no shield)
Res.Poison: +       Res.Corr.  : .   (helmet restricted)
Res.Elec. : .       Clarity    : .   q - +0 elf cloak
Sust.Abil.: . .     Spirit.Shd : .   e - +0 pair of gauntlets
Res.Mut.  : .       Stasis     : .   x - +0 pair of boots
Res.Rott. : .       Ctrl.Telep.: .   R - amulet of conservation
Saprovore : . . .   Flight     : .   H - +4 ring of strength
                                     I - ring of poison resistance

@: exhausted, slowed, very slow, somewhat resistant to hostile enchantments,
extremely unstealthy
A: retaliatory headbutt, horns 2
a: Burn Spellbooks, Berserk, Trog's Hand, Brothers in Arms, Renounce Religion


You were on level 12 of the Dungeon.
You worshipped Trog.
Trog was exalted by your worship.
You were near starving.

You visited 2 branches of the dungeon, and saw 13 of its levels.

You collected 634 gold pieces.
You spent 132 gold pieces at shops.

Inventory:

Hand weapons
 a - a +2,+2 battleaxe
 n - a +2,+2 battleaxe of electrocution (weapon)
 K - a +2,+3 anti-magic executioner's axe
Missiles
 y - 7 javelins (quivered)
Armour
 e - a +0 pair of gauntlets (worn)
 q - a +0 elven cloak (worn)
 u - a +0 plate armour (worn)
 x - a +0 pair of boots (worn)
Magical devices
 g - a wand of flame (18)
 m - a wand of draining (5)
 r - a wand of flame (6)
 v - a wand of frost (6)
 A - a wand of fireball (0)
 N - a wand of cold (3)
Comestibles
 c - 4 bread rations
 h - 13 cheeses
 l - 5 meat rations
 s - a beef jerky
 L - a choko
 M - an apple
 P - 12 grapes
Scrolls
 i - 4 scrolls of remove curse
 j - a scroll of recharging {unknown}
 k - a scroll of holy word {unknown}
 p - 3 scrolls of teleportation
 t - a scroll of curse armour {unknown}
 w - a scroll of amnesia {unknown}
 z - a scroll of silence {unknown}
 D - a scroll of noise {unknown}
 E - 2 scrolls of curse weapon {unknown}
 F - 4 scrolls of identify
 O - a scroll of magic mapping {unknown}
Jewellery
 b - an uncursed amulet of warding
 G - a cursed ring of ice
 H - a +4 ring of strength (right hand)
 I - a ring of poison resistance (left hand)
 R - an amulet of conservation (around neck)
Potions
 d - a potion of speed
 f - 2 potions of might
 o - 4 potions of curing
 B - a potion of heal wounds {unknown}
 C - 2 potions of invisibility
 J - 2 potions of restore abilities {unknown}
 Q - 4 potions of agility {unknown}


   Skills:
 - Level 6.5 Fighting
 + Level 17.4 Axes
 + Level 14.8 Armour
 - Level 2.3 Dodging
   Level 6.0 Shields


You had 11 spell levels left.
You didn't know any spells.

Dungeon Overview and Level Annotations

Branches:
Dungeon (12/27)            Temple (0/1) D:7             Orc (1/4) D:8
   Lair: D:8-13

Altars:
Ashenzari
Elyvilon
Fedhas
Vehumet
Xom
Yredelemnul

Shops:
D:6: % D:7: *

Annotations
D:6 exclusion: statue


Innate Abilities, Weirdness & Mutations

You reflexively headbutt those who attack you in melee.
You have a pair of horns on your head.


Message History

Trog appreciates your killing of a magic user.
You see here a trident.
You feel a strong urge to attack something.
You are no longer berserk.
You are exhausted.
You feel yourself slow down.
You are near starving!
The skeletal warrior hits you but does no damage.
You slash the skeletal warrior!
The skeletal warrior is moderately damaged.
The skeletal warrior hits you but does no damage.
You slice the skeletal warrior!!
There is a sudden explosion of sparks!
Your headbutt misses the skeletal warrior.
The skeletal warrior is almost destroyed.
The skeletal warrior hits you with a glowing halberd!
* * * LOW HITPOINT WARNING * * *
You hit the skeletal warrior.
The skeletal warrior is almost destroyed.
The skeletal warrior hits you with a glowing halberd!
You die...

......≈≈≈≈≈......≈≈≈......
......≈≈≈≈≈.......≈≈.
.....≈≈≈≈≈.......≈≈≈..
......≈≈..........≈≈...
........................
......[...........<.....
........................
........>....)...........
.............)).@z.......
.........................
..............>.........
########################


You could see a skeletal warrior.

Vanquished Creatures
  Fannar (D:11)
  Nessos (D:11)
  A centaur warrior (D:11)
  Erolcha (D:8)
  4 skeletal warriors (D:12)
  2 unseen horrors
  A hill giant (D:10)
  A slime creature (D:11)
  Grinder (D:3)
  A hill giant skeleton (D:10)
  Sonja (D:10)
  A hippogriff (D:11)
  Eustachio (D:9)
  21 yaks
  Grum (D:11)
  A trapdoor spider (D:12)
  A vampire mosquito (D:10)
  2 wyverns
  2 manticores
  A cyclops zombie (D:7)
  3 manticore zombies
  4 war dogs
  5 ice beasts
  3 phantoms
  Purgy (D:3)
  2 orc warriors
  3 sky beasts
  A yak zombie (D:11)
  3 ogres
  5 centaurs
  6 giant frogs
  A giant frog zombie (D:10)
  3 big kobolds
  A water moccasin (D:10)
  A giant frog skeleton (D:6)
  A two-headed ogre skeleton (D:7)
  11 killer bees
  19 wights
  A quasit (D:9)
  2 shadows (D:10)
  8 crimson imps
  3 goliath beetles
  An electric eel (D:12)
  A hound (D:9)
  3 scorpions
  Crazy Yiuf (D:7)
  3 orc priests
  A hound skeleton (D:10)
  9 worker ants
  10 iguanas
  A deep elf soldier (D:12)
  6 orc wizards
  An orange rat (D:7)
  Ijyb (D:3)
  6 jellies
  Terence (D:3)
  3 mummies
  10 adders
  11 gnolls (D:4)
  5 green rats
  3 worms
  4 grey rats (D:7)
  A bat skeleton (D:4)
  A bat zombie (D:5)
  A giant eyeball (D:8)
  An ooze (D:2)
  28 orcs
  9 giant cockroaches
  8 goblins
  16 hobgoblins
  19 jackals
  29 kobolds
  2 quokkas
  A ball python (D:3)
  15 bats
  9 giant geckos
  2 giant newts (D:2)
  2 hobgoblin zombies (D:7)
  A kobold zombie (D:6)
  An orc zombie (D:6)
  19 rats
379 creatures vanquished.

Vanquished Creatures (others)
  An orc wizard (D:12)
  An adder (D:9)
  A giant centipede (D:11)
  An orc (D:12)
  A giant newt (D:3)
  A giant spore (D:10)
  2 kobolds
  A quokka (D:11)
  A rat (D:7)
10 creatures vanquished.

Grand Total: 389 creatures vanquished

Notes
Turn   | Place    | Note
--------------------------------------------------------------
     0 | D:1      | Tyriaz, the Minotaur Berserker, began the quest for the Orb.
     0 | D:1      | Reached XP level 1. HP: 19/19 MP: 0/0
   372 | D:1      | Reached skill level 4 in Fighting
   542 | D:1      | Reached XP level 2. HP: 27/27 MP: 0/0
   773 | D:1      | Acquired Trog's second power
  1334 | D:2      | Reached XP level 3. HP: 33/33 MP: 1/1
  1401 | D:2      | Found a shattered altar of Ashenzari.
  1460 | D:2      | Reached skill level 5 in Axes
  1570 | D:2      | Reached XP level 4. HP: 24/40 MP: 1/1
  2252 | D:3      | Noticed Ijyb
  2271 | D:3      | Killed Ijyb
  2271 | D:3      | Reached skill level 6 in Axes
  2410 | D:3      | Noticed an ogre
  2415 | D:3      | Killed an ogre
  2415 | D:3      | Reached skill level 7 in Axes
  2415 | D:3      | Reached XP level 5. HP: 20/46 MP: 1/1
  2621 | D:3      | Noticed Terence
  2628 | D:3      | Killed Terence
  2628 | D:3      | Reached skill level 1 in Shields
  3164 | D:3      | Noticed Grinder
  3176 | D:3      | Killed Grinder
  3176 | D:3      | Reached skill level 5 in Shields
  3176 | D:3      | Reached XP level 6. HP: 53/53 MP: 2/2
  3355 | D:3      | Noticed Purgy
  3384 | D:3      | Killed Purgy
  3384 | D:3      | Reached XP level 7. HP: 36/59 MP: 2/2
  4107 | D:4      | Acquired Trog's third power
  4900 | D:4      | Found a blossoming altar of Fedhas.
  5197 | D:5      | Entered Level 5 of the Dungeon
  5281 | D:5      | Reached skill level 5 in Armour
  6519 | D:6      | Reached XP level 8. HP: 55/67 MP: 2/2
  6582 | D:6      | Reached skill level 8 in Axes
  6701 | D:6      | Found a radiant altar of Vehumet.
  6984 | D:6      | Found Pimuorgha's Food Shop.
  7550 | D:7      | Reached skill level 5 in Fighting
  8027 | D:7      | Reached skill level 9 in Axes
  8043 | D:7      | Reached XP level 9. HP: 57/74 MP: 3/3
  8056 | D:7      | Reached XP level 8. HP: 23/68 MP: 2/2
  8089 | D:7      | Reached XP level 9. HP: 35/74 MP: 3/3
  8464 | D:7      | Found Esilaf's Assorted Antiques.
  8538 | D:7      | Bought a scroll of blinking for 132 gold pieces
  8719 | D:7      | Found a staircase to the Ecumenical Temple.
  9382 | D:7      | Noticed Crazy Yiuf
  9391 | D:7      | Killed Crazy Yiuf
  9479 | D:7      | Reached skill level 10 in Axes
  9781 | D:8      | Found a basalt altar of Yredelemnul.
  9898 | D:8      | Found a staircase to the Orcish Mines.
  9918 | Orc:1    | Entered Level 1 of the Orcish Mines
  9983 | D:8      | Got a pitted sling
  9985 | D:8      | Identified the cursed -4,-5 sling of Zamek {frost, rC++ Int+3} (You took it off a hobgoblin on level 8 of the Dungeon)
 10020 | D:8      | Found a white marble altar of Elyvilon.
 10065 | D:8      | Noticed Erolcha
 10066 | D:8      | Paralysed by Erolcha for 3 turns
 10076 | D:8      | Killed Erolcha
 10192 | D:8      | Got a twisted ring mail
 10193 | D:8      | Identified the +5 ring mail of Virtue {rPois Stlth++} (You found it on level 8 of the Dungeon)
 10930 | D:8      | Reached skill level 10 in Armour
 11005 | D:9      | Received a gift from Trog
 11006 | D:9      | Reached skill level 11 in Axes
 11413 | D:8      | Reached XP level 10. HP: 75/83 MP: 1/3
 11493 | D:9      | Noticed Eustachio
 11509 | D:9      | Killed Eustachio
 11651 | D:9      | Reached skill level 12 in Axes
 11934 | D:9      | Found a shimmering altar of Xom.
 11976 | D:10     | Entered Level 10 of the Dungeon
 12215 | D:10     | Noticed Sonja
 12554 | D:10     | Killed Sonja
 12769 | D:10     | Reached skill level 13 in Axes
 12926 | D:10     | Noticed a hill giant
 12934 | D:10     | Killed a hill giant
 13530 | D:10     | Received a gift from Trog
 13718 | D:10     | Reached skill level 14 in Axes
 13842 | D:10     | Reached XP level 11. HP: 89/89 MP: 3/3
 13972 | D:11     | Noticed Grum
 14237 | D:11     | Killed Grum
 14238 | D:11     | Killed an unseen horror
 14497 | D:11     | Noticed Nessos
 14519 | D:11     | Killed Nessos
 14519 | D:11     | Reached skill level 15 in Axes
 14723 | D:11     | Noticed a centaur warrior
 14736 | D:11     | Killed a centaur warrior
 14949 | D:11     | Noticed Fannar
 14962 | D:11     | Killed Fannar
 14991 | D:11     | Reached skill level 16 in Axes
 16004 | D:12     | Killed an unseen horror
 16454 | D:12     | Reached XP level 12. HP: 96/96 MP: 4/4
 16654 | D:12     | Noticed a skeletal warrior
 16656 | D:12     | Noticed a skeletal warrior
 16657 | D:12     | Noticed a skeletal warrior
 16657 | D:12     | Noticed a skeletal warrior
 16661 | D:12     | Killed a skeletal warrior
 16661 | D:12     | Reached skill level 17 in Axes
 16670 | D:12     | Killed a skeletal warrior
 16675 | D:12     | Killed a skeletal warrior
 16676 | D:12     | Noticed a skeletal warrior
 16680 | D:12     | Killed a skeletal warrior
 16685 | D:12     | HP: 2/96 [skeletal warrior/glowing halberd (21)]
 16686 | D:12     | Mangled by a skeletal warrior

Action                   |  1- 3 |  4- 6 |  7- 9 | 10-12 || total
-------------------------+-------+-------+-------+-------++-------
Melee: Hand axe          |   100 |   102 |   494 |     4 ||   700
       War axe           |       |       |   166 |       ||   166
       Executioner's axe |       |       |    19 |   151 ||   170
       Battleaxe         |       |       |       |   173 ||   173
Invok: Berserk           |       |     5 |     5 |     4 ||    14
       Trog's Hand       |       |       |     2 |       ||     2
Evoke: Wand              |       |       |     1 |     7 ||     8
  Use: Scroll            |       |     5 |    11 |     8 ||    24
       Potion            |       |       |     4 |     3 ||     7
